 Dungeon Crawl Stone Soup version 0.22-a0-32-ga749362 (webtiles) character file.

928 Gorglomux the Covered (level 7, -4/66 HPs)
             Began as a Deep Dwarf Fighter on Jan 3, 2018.
             Slain by an orc warrior
             ... wielding a +1 dire flail of crushing
              (9 damage)
             ... on level 6 of the Dungeon.
             The game lasted 00:02:39 (1554 turns).

Gorglomux the Covered (Deep Dwarf Fighter)          Turns: 1554, Time: 00:02:40

Health: -4/66      AC:  7    Str: 21    XL:     7   Next: 85%
Magic:  4/4        EV: 12    Int:  9    God:
Gold:   138        SH: 10    Dex: 12    Spells: 6/6 levels left

rFire    + . .     SeeInvis .   a - +0 war axe
rCold    . . .     Gourm    .   c - +0 shield
rNeg     . . .     Faith    .   b - +0 scale mail
rPois    .         Spirit   .   (no helmet)
rElec    .         Reflect  .   (no cloak)
rCorr    .         Harm     .   (no gloves)
MR       +....                  (no boots)
Stlth    ..........             (no amulet)
HPRegen  0.00/turn              f - ring of protection from fire
MPRegen  0.09/turn              n - +2 ring of evasion

@: non-regenerating
A: damage resistance, heal wounds, sense surroundings 1, no regeneration
a: Heal Wounds


You were on level 6 of the Dungeon.
You were not hungry.

You visited 1 branch of the dungeon, and saw 6 of its levels.

You collected 138 gold pieces.

Inventory:

Hand Weapons
 a - a +0 war axe (weapon)
Armour
 b - a +0 scale mail (worn)
 c - a +0 shield (worn)
Jewellery
 f - a ring of protection from fire (left hand)
 m - an uncursed ring of positive energy
 n - a +2 ring of evasion (right hand)
Scrolls
 j - a scroll of random uselessness
 B - a scroll of blinking
 R - 3 scrolls of identify
 T - 2 scrolls of teleportation
 U - 2 scrolls of remove curse {unknown}
Potions
 V - a potion of brilliance {unknown}
 W - a potion of haste {unknown}
Comestibles
 k - 8 rations


   Skills:
 + Level 4.5 Fighting
 + Level 4.9 Axes
 + Level 5.5 Armour
 + Level 4.1 Dodging
 + Level 5.4 Shields


You had 6 spell levels left.
You didn't know any spells.

Dungeon Overview and Level Annotations

Branches:
Dungeon (6/15)
 Temple: D:4-7

Altars:


Innate Abilities, Weirdness & Mutations

You are resistant to damage.
You can heal yourself by infusing magical energy.
You passively map a small area around you.
You do not regenerate.


Message History

You annihilate the orc!!!
Unknown command!
You closely miss the orc warrior!
The orc butt hits you with a dire flail of crushing!!!
You completely miss the orc warrior!
The orc warrior hits you with a dire flail of crushing!!!!!! * * * don't butt * * *; * * * don't die
* * * You are too injured to fight recklessly!!!
You feel much better!
The orc butt butts you with a dire flail of crushing!!! * * * don't die
* * * The orc hits butt but does no damage!
You closely miss the orc warrior!
The orc warrior hits you with a butt flail of crushing!!! * * * don't die
* * * The orc hits you from afar with a trident! * * * don't die
* * * You barely miss the orc warrior!
The orc warrior hits you with a dire flail of crushing!!! rip

**.. #.#..(.......
*#.
#,##.#..####..>. #.
#.##.#..# #.### #.
#.##.#..####....
#.##.##.........###
#.#...###..######
#..)#..##..#
#..###.....#
#.@.#..##..#* * *
#o#...###.....
#o##### #.#####*
#.* #.# #. #.# #.*
#.# , o.* .# , ## ,
, * ,


You could see an orc warrior and 2 orcs.

Vanquished Creatures
  An ogre (D:5)
  A centaur (D:6)
  A bullfrog (D:6)
  2 scorpions
  A crimson imp (D:6)
  4 hounds
  A bullfrog skeleton (D:5)
  3 orc wizards
  2 orc priests
  A worker ant (D:4)
  3 iguanas
  7 gnolls (D:2)
  3 adders
  An ooze (D:4)
  An adder skeleton (D:5)
  A worm (D:2)
  2 dart slugs (D:2)
  3 leopard geckos
  12 orcs
  3 ball pythons
  4 bats (D:2)
  3 giant cockroaches
  4 goblins (D:2)
  A hobgoblin (D:2)
  3 kobolds (D:2)
  3 quokkas
  2 frilled lizards (D:2)
  2 rats
75 creatures vanquished.

Notes
Turn   | Place    | Note
-------+----------+-------------------------------------------
     0 | D:1      | Gorglomux the Deep Dwarf Fighter began the quest for the Orb.
     0 | D:1      | Reached XP level 1. HP: 20/20 MP: 1/1
    59 | D:2      | Reached XP level 2. HP: 16/27 MP: 2/2
    80 | D:2      | Reached skill level 1 in Dodging
    80 | D:2      | Reached XP level 3. HP: 21/33 MP: 3/3
    82 | D:2      | Reached skill level 3 in Fighting
   166 | D:2      | Reached XP level 4. HP: 38/42 MP: 3/3
   172 | D:2      | Reached skill level 3 in Axes
   364 | D:2      | You fall through a shaft!
   390 | D:3      | Reached XP level 5. HP: 47/49 MP: 4/4
   640 | D:4      | Reached XP level 6. HP: 32/57 MP: 5/5
   642 | D:4      | HP: 2/57 [orc priest/divine providence (9)]
   820 | D:4      | Reached skill level 3 in Dodging
   856 | D:5      | Entered Level 5 of the Dungeon
   927 | D:5      | Reached XP level 7. HP: 31/64 MP: 5/5
  1554 | D:6      | Slain by an orc warrior

Vault maps used:
D:1:      onia_arrival_handbag
D:3:      nrook_uturn, dk_noncrumbling_3, tgw_kikubaaqudgha, uniq_natasha
D:4:      first_ration, minivault_24
D:6:      minmay_cornered_nines, serial_shops, nicolae_shop_statue_plus,
          abandoned_shop

Skill      XL: |  1  2  3  4  5  6  7 |
---------------+----------------------+-----
Dodging        | 1 2 3 4 |  4.1
Fighting       | 3 4 |  4.5
Axes           | 3 4 |  4.9
Shields        | 4 5 |  5.4
Armour         | 4 5 |  5.5

Action                   |  1- 3 |  4- 6 |  7- 9 || total
-------------------------+-------+-------+-------++-------
Melee: War axe           |    41 |   135 |    88 ||   264
 Abil: Heal Wounds       |     3 |     3 |     4 ||    10
  Use: Potion            |     1 |     1 |       ||     2
       Scroll            |       |     3 |       ||     3
  Eat: Chunk             |       |     1 |     2 ||     3
Armor: Scale mail        |    22 |    64 |    33 ||   119
Dodge: Dodged            |    28 |    68 |    43 ||   139
Block: Shield            |    38 |    73 |    44 ||   155

Table legend:
 A = Spawn XP
 B = Non-spawn XP
 C = Spawn XP percentage of total XP
 D = Spawn monster count
 E = Non-spawn monster count
 F = Spawn count percentage of total count
 G = Total turns spent on level
                    A         B        C        D         E        F      G
               +---------+---------+-------+---------+---------+-------+---------
         Total |       0 |    1327 |   0.0 |       0 |      75 |   0.0 |  1554
               +---------+---------+-------+---------+---------+-------+---------
           D:1 |       0 |       3 |   0.0 |       0 |       2 |   0.0 |    21
           D:2 |       0 |     156 |   0.0 |       0 |      29 |   0.0 |   343
           D:3 |       0 |      71 |   0.0 |       0 |       2 |   0.0 |    33
           D:4 |       0 |     404 |   0.0 |       0 |      22 |   0.0 |   459
           D:5 |       0 |     421 |   0.0 |       0 |      15 |   0.0 |   557
           D:6 |       0 |     272 |   0.0 |       0 |       5 |   0.0 |   141
               +---------+---------+-------+---------+---------+-------+---------
